 Dungeon Sprint DCSS version 0.30-a0-591-g3c58d2bc28 (webtiles) character file.

Game seed: 10948093661014811280

8383 rocky1 the Eclecticist (level 11, -1/72 HPs)
             Began as a Deep Elf Earth Elementalist on Jan 6, 2023.
             Was the Champion of Vehumet.
             Succumbed to poison (dark miasma)
             ... in the Dungeon (Sprint III: "The Ten Rune Challenge").
             The game lasted 00:09:55 (2276 turns).

rocky1 the Eclecticist (DEEE)                       Turns: 2276, Time: 00:09:56

Health: -1/72      AC:  4    Str:  5    XL:     11   Next: 9%
Magic:  23/32      EV: 16    Int: 25    God:    Vehumet [******]
Gold:   2142       SH:  0    Dex: 15    Spells: 20/40 levels left

rFire   . . .      SeeInvis .    o - +1 long sword (holy)
rCold   . . .      Faith    .    (no shield)
rNeg    . . .      Spirit   .    n - +2 robe {Will+}
rPois   .          Reflect  .    (no helmet)
rElec   .          Harm     .    (no cloak)
rCorr   .          Rampage  .    (no gloves)
Will    ++...      NoTele   +    (no boots)
Stlth   ++++                     (no amulet)
HPRegen 0.32/turn                (no ring)
MPRegen 0.23/turn                (no ring)

@: lethally poisoned (-1 -> -30)
A: no striking features
a: Renounce Religion


You were in the Dungeon.
You worshipped Vehumet.
Vehumet was exalted by your worship.
You visited 1 branch You collected 2478 gold pieces.
You spent 336 gold pieces at shops.

Inventory:

Hand Weapons
 h - a +0 dagger
 o - a +1 long sword of holy wrath (weapon)
 q - a +0 short sword
 s - a +7 dagger of venom
 v - a +1 vampiric great sword
Armour
 a - a +0 robe
 n - a +2 robe of willpower (worn)
 t - a +2 robe of cold resistance
Wands
 d - a wand of charming (5)
Scrolls
 i - a scroll of torment {unknown}
 j - 3 scrolls of identify
 l - a scroll of poison {unknown}
Potions
 b - 3 potions of magic
 c - 3 potions of curing
 e - 2 potions of haste
 f - 2 potions of berserk rage
 k - 3 potions of flight
 m - 6 potions of mutation
 p - a potion of might
 u - a potion of brilliance
Miscellaneous
 r - a condenser vane


   Skills:
 + Level 9.8 Fighting
 + Level 8.0 Dodging
 + Level 8.6 Stealth
 + Level 15.3 Spellcasting
 + Level 12.3 Conjurations
 - Level 7.8 Transmutations
 + Level 4.5 Fire Magic
 + Level 13.5 Earth Magic
 + Level 9.0 Evocations


You had 20 spell levels left.
You knew the following spells:

 Your Spells              Type           Power      Damage    Failure   Level
a - Sandblast             Erth           100%       2d20      0%          1
b - Stone Arrow           Conj/Erth      100%       3d13      1%          3
c - Passwall              Tmut/Erth      53%        N/A       1%          2
d - Petrify               Tmut/Erth      64%        N/A       1%          4
e - Searing Ray           Conj           100%       2d8       1%          2
f - Fulminant Prism       Conj/Hex       25%        3d14      1%          4
g - Sticky Flame          Conj/Fire      57%        2d7       1%          4

Your spell library contained the following spells:

 Spells                   Type           Power      Damage    Failure   Level
 Iron Shot                Conj/Erth      35%        9d7       1%          6
 Magic Dart               Conj           100%       1d8       0%          1


Dungeon Overview and Level Annotations

Branches:
Dungeon (1/1)

Altars:
Cheibriados
Dithmenos
Elyvilon
Fedhas
Gozag
Hepliaklqana
Kikubaaqudgha
Makhleb
Nemelex Xobeh
Okawaru
Qazlal
Ru
Sif Muna
Trog
Uskayaw
Vehumet
Wu Jian
Xom
Yredelemnul
Zin
The Shining One
Jiyva
Lugonu

Shops:
D !


Message History

The stone arrow hits the death drake!!
The death drake is moderately wounded.
The death drake hisses angrily.
Aiming: Stone Arrow (safe; 1% risk of failure)
Press: ? - help, Q - select action, (/) - cycle Shift-Dir - straight line, f/p - death drake
Aim: a death drake (moderately wounded, 66% to hit)
The stone arrow hits the death drake!!
The death drake is heavily wounded.
The death drake breathes miasma at you. The foul vapour engulfs you!!
You are poisoned.
Aiming: Stone Arrow (safe; 1% risk of failure)
Press: ? - help, Q - select action, (/) - cycle Shift-Dir - straight line, f/p - death drake
Aim: a death drake (heavily wounded, catching its breath, 66% to hit)
The stone arrow hits the death drake!!
The death drake is almost dead.
You are engulfed in dark miasma.
You are lethally poisoned!
You feel extremely sick.
Aiming: Stone Arrow (safe; 1% risk of failure)
Press: ? - help, Q - select action, (/) - cycle Shift-Dir - straight line, f/p - death drake
Aim: a death drake (foul pestilence, almost dead, 66% to hit)
The stone arrow hits the death drake!!
You kill the death drake!
Vehumet accepts your kill.
You feel your power returning.
You are engulfed in dark miasma.
You are more poisoned.
* * * LOW HITPOINT WARNING * * *
x2 You feel extremely sick.
Your Dodging skill increases to level 8!
Your Evocations skill increases to level 9!
Unknown command.
You feel better.
You are engulfed in dark miasma.
You are lethally poisoned!
* * * LOW HITPOINT WARNING * * *
x2 You feel very sick.
You feel better.
You are engulfed in dark miasma.
You are lethally poisoned!
* * * LOW HITPOINT WARNING * * *
You die...

#.~♣♣♣♣♣♣♣♣♣♣♣♣♣♣♣♣PP##.#.#.#
#..♣♣ ♣♣♣# +#####
###'♣♣♣♣♣♣♣♣♣♣♣♣♣♣♣
♣♣♣♣.##..##~~~~~≈..#
♣...##.##.#~~~~≈...#
♣♣.##.##(##'~†~°≈####
♣..#†##...#~~...☼°§○
♣♣†##.##..#≈..+####
♣♣.##.#####○@.#
♣.....##......#
########+######


There were no monsters in sight!

Vanquished Creatures
  Josephine (D)
  2 hydras (D)
  A centaur warrior (D)
  An orc high priest (D)
  Urug (D)
  A death drake (D)
  A lindwurm (D)
  A deep elf pyromancer (D)
  2 cane toads (D)
  A komodo dragon (D)
  3 wandering mushrooms (D)
  2 tyrant leeches (D)
  A shadow (D)
  3 redbacks (D)
  A spatial vortex (D)
  2 centaurs (D)
  An earth elemental (D)
  A necrophage (D)
  A water elemental (D)
  An electric eel (D)
  A jelly (D)
  2 orc priests (D)
  Jessica (D)
  A wizard (D)
  A necromancer (D)
  3 orc wizards (D)
  3 humans (D)
  A kobold demonologist (D)
  A phantom (D)
  12 orcs (D)
  2 endoplasms (D)
  A rat (D)
57 creatures vanquished.

Notes
Turn   | Place    | Note
-------+----------+-------------------------------------------
     0 | D        | rocky1 the Deep Elf Earth Elementalist began the quest for
                  | the Orb.
     0 | D        | Reached XP level 1. HP: 10/10 MP: 6/6
    64 | D        | Noticed Jessica
    71 | D        | Killed Jessica
    72 | D        | Reached skill level 4 in Spellcasting
    72 | D        | Reached skill level 5 in Earth Magic
    72 | D        | Reached XP level 2. HP: 17/17 MP: 2/9
    72 | D        | Reached XP level 3. HP: 21/21 MP: 2/11
   147 | D        | Learned a level 3 spell: Stone Arrow
   150 | D        | Learned a level 2 spell: Passwall
   185 | D        | Reached skill level 5 in Spellcasting
   185 | D        | Reached skill level 1 in Conjurations
   216 | D        | Noticed a water elemental
   220 | D        | Killed a water elemental
   221 | D        | Reached skill level 6 in Spellcasting
   221 | D        | Reached XP level 4. HP: 28/28 MP: 4/14
   397 | D        | Found a radiant altar of Vehumet.
   397 | D        | Found a shimmering blue altar of Sif Muna.
   397 | D        | Found an ancient bone altar of Kikubaaqudgha.
   397 | D        | Noticed a wizard
   398 | D        | Killed a wizard
   403 | D        | Reached XP level 5. HP: 33/33 MP: 11/16
   447 | D        | Found a basalt altar of Yredelemnul.
   447 | D        | Found a shadowy altar of Dithmenos.
   447 | D        | Found a sacrificial altar of Ru.
   452 | D        | Reached skill level 7 in Spellcasting
   580 | D        | Became a worshipper of Vehumet
   597 | D        | Noticed a shadow
   602 | D        | Killed a shadow
   603 | D        | Reached skill level 5 in Fighting
   603 | D        | Reached skill level 8 in Spellcasting
   603 | D        | Reached skill level 10 in Earth Magic
   603 | D        | Reached XP level 6. HP: 24/40 MP: 5/19
   604 | D        | Reached skill level 9 in Spellcasting
   712 | D        | Found a glowing silver altar of Zin.
   712 | D        | Found a glowing golden altar of the Shining One.
   712 | D        | Found a white marble altar of Elyvilon.
   712 | D        | Noticed a deep elf pyromancer
   715 | D        | Killed a deep elf pyromancer
   715 | D        | Reached * piety under Vehumet
   715 | D        | Offered knowledge of Shock by Vehumet.
   716 | D        | Reached skill level 10 in Spellcasting
   716 | D        | Reached XP level 7. HP: 36/46 MP: 11/22
   787 | D        | Found a hide-covered altar of Uskayaw.
   787 | D        | Found an iron altar of Okawaru.
   787 | D        | Found a bloodstained altar of Trog.
   787 | D        | Found an ornate altar of the Wu Jian Council.
   787 | D        | Noticed a human
   787 | D        | Noticed a human
   789 | D        | Killed a human
   791 | D        | Killed a human
   792 | D        | Reached skill level 11 in Spellcasting
   792 | D        | Reached XP level 8. HP: 52/52 MP: 10/25
   884 | D        | Found a blossoming altar of Fedhas.
   884 | D        | Found a stormy altar of Qazlal.
   884 | D        | Found a snail-covered altar of Cheibriados.
   884 | D        | Found a burning altar of Makhleb.
   884 | D        | Found a shimmering altar of Xom.
   888 | D        | Offered knowledge of Static Discharge by Vehumet.
   888 | D        | Reached ** piety under Vehumet
   889 | D        | Found a hazy altar of Hepliaklqana.
   889 | D        | Found an opulent altar of Gozag.
   889 | D        | Found a sparkling altar of Nemelex Xobeh.
   889 | D        | Found a corrupted altar of Lugonu.
   889 | D        | Found a viscous altar of Jiyva.
   955 | D        | Learned a level 4 spell: Petrify
   960 | D        | Noticed Josephine
   965 | D        | Killed Josephine
   966 | D        | Reached skill level 12 in Spellcasting
  1090 | D        | Found Gitrest's Distillery.
  1091 | D        | Noticed an orc high priest
  1094 | D        | Offered knowledge of Momentum Strike by Vehumet.
  1094 | D        | Reached *** piety under Vehumet
  1098 | D        | Reached **** piety under Vehumet
  1103 | D        | Killed an orc high priest
  1104 | D        | Reached skill level 10 in Conjurations
  1104 | D        | Reached skill level 5 in Transmutations
  1104 | D        | Reached skill level 5 in Evocations
  1104 | D        | Reached XP level 9. HP: 56/59 MP: 10/27
  1109 | D        | Reached ***** piety under Vehumet
  1111 | D        | Reached skill level 13 in Spellcasting
  1263 | D        | Bought a potion of brilliance for 56 gold pieces
  1263 | D        | Bought a potion of flight for 42 gold pieces
  1263 | D        | Bought 2 potions of curing for 84 gold pieces
  1263 | D        | Bought a potion of curing for 42 gold pieces
  1263 | D        | Bought a potion of mutation for 112 gold pieces
  1279 | D        | Learned a level 2 spell: Searing Ray
  1285 | D        | Offered knowledge of Dazzling Flash by Vehumet.
  1337 | D        | Noticed a centaur warrior
  1348 | D        | Killed a centaur warrior
  1348 | D        | Reached ****** piety under Vehumet
  1475 | D        | Noticed a wandering mushroom
  1484 | D        | Killed a wandering mushroom
  1484 | D        | Offered knowledge of Hailstorm by Vehumet.
  1524 | D        | Learned a level 4 spell: Fulminant Prism
  1524 | D        | Noticed a wandering mushroom
  1526 | D        | Noticed a wandering mushroom
  1530 | D        | Killed a wandering mushroom
  1534 | D        | Killed a wandering mushroom
  1535 | D        | Reached skill level 5 in Stealth
  1535 | D        | Reached XP level 10. HP: 65/65 MP: 16/29
  1604 | D        | Noticed a cane toad
  1604 | D        | Noticed a cane toad
  1609 | D        | Killed a cane toad
  1610 | D        | Reached skill level 5 in Dodging
  1610 | D        | Reached skill level 14 in Spellcasting
  1610 | D        | Killed a cane toad
  1803 | D        | Offered knowledge of Sticky Flame by Vehumet.
  1961 | D        | Learned a level 4 spell: Sticky Flame
  2014 | D        | Reached skill level 1 in Fire Magic
  2019 | D        | Noticed a lindwurm
  2022 | D        | Killed a lindwurm
  2086 | D        | Noticed Urug
  2092 | D        | Killed Urug
  2176 | D        | Noticed a four-headed hydra
  2176 | D        | Noticed a six-headed hydra
  2181 | D        | Killed a six-headed hydra
  2181 | D        | Offered knowledge of Iron Shot by Vehumet.
  2182 | D        | Reached skill level 15 in Spellcasting
  2186 | D        | Killed a four-headed hydra
  2187 | D        | Reached XP level 11. HP: 53/72 MP: 15/32
  2270 | D        | Noticed a death drake
  2274 | D        | Killed a death drake
  2276 | D        | Succumbed to poison (dark miasma)

Illustrated notes

Levels and vault maps discovered:
D:        dungeon_sprint_mu [sprint_mu_entry_cave, sprint_mu_temple_rooms,
          sprint_mu_d1_horrors, sprint_mu_d2_genie, sprint_mu_d3_branching,
          sprint_mu_orc_legion, sprint_mu_elf_gauntlet, sprint_mu_hive_nellie,
          sprint_mu_lair_fedhas, sprint_mu_vaults_butterflies,
          sprint_mu_slime_circle, sprint_mu_shoals_kraken,
          sprint_mu_snake_twists, sprint_mu_blade_basic,
          sprint_mu_crypt_fortress, sprint_mu_tomb_spiral,
          sprint_mu_vestibule_basic, sprint_mu_gehenna_hellfire,
          sprint_mu_dis_giant, sprint_mu_tartarus_statrot,
          sprint_mu_cocytus_islands, sprint_mu_zot1]

Skill      XL: |  1  2  3  4  5  6  7  8  9 10 11 |
---------------+----------------------------------+-----
Earth Magic    | 5 7 8 10 12 13 | 13.5
Fighting       | 2 3 5 6 8 9 |  9.8
Spellcasting   | 4 6 8 10 11 12 13 15 | 15.3
Conjurations   | 3 6 7 8 10 11 12 | 12.3
Transmutations | 5 7 |  7.8
Evocations     | 5 6 8 9 |  9.0
Dodging        | 4 7 8 |  8.0
Stealth        | 5 8 |  8.6
Fire Magic     | 4 |  4.5

Action                   |  1- 3 |  4- 6 |  7- 9 | 10-12 || total
-------------------------+-------+-------+-------+-------++-------
Melee: Unarmed           |     1 |       |       |       ||     1
       Long sword        |       |       |     3 |       ||     3
 Cast: Sandblast         |    14 |     7 |     5 |       ||    26
       Stone Arrow       |     2 |    13 |    45 |    43 ||   103
       Passwall          |     1 |       |       |       ||     1
       Sticky Flame      |       |       |       |     1 ||     1
Evoke: Condenser vane    |       |       |     1 |       ||     1
  Use: Potion            |       |       |     1 |     2 ||     3
       Scroll            |       |       |       |     1 ||     1
Armor: Robe              |     1 |     2 |     1 |       ||     4
Dodge: Dodged            |     1 |     6 |     7 |    11 ||    25

Table legend: (Time is in decaauts)
 A = Elapsed time spent in this place.
 B = Non-inter-level travel time spent in this place.
 C = Inter-level travel time spent in this place.
 D = Time resting spent in this place.
 E = Time spent auto-exploring this place.
 F = Levels seen in this place.
 G = Mean time per level.
                   A        B        C        D        E       F      G
               +--------+--------+--------+--------+--------+-----+--------+
         Total |   2300 |   2290 |     10 |   1648 |     47 |   1 | 2300.0 |
       Dungeon |   2300 |   2290 |     10 |   1648 |     47 |   1 | 2300.0 |
               +--------+--------+--------+--------+--------+-----+--------+

Top non-repeatable levels by time:
       D: 2300 daAuts
